 Dungeon Crawl Stone Soup version 0.28.0-45-g0d030f2227 (webtiles) character file.

Game seed: 10866412508494641623

799 nickcage the Firebug (level 7, -6/46 HPs)
             Began as a Demonspawn Fire Elementalist on Apr 13, 2022.
             Mangled by an ogre
             ... wielding a +0 giant club
              (27 damage)
             ... on level 5 of the Dungeon.
             The game lasted 00:21:25 (5887 turns).

nickcage the Firebug (Demonspawn Fire Elementalist) Turns: 5887, Time: 00:21:26

Health: -6/46      AC:  6    Str:  8    XL:     7   Next: 59%
Magic:  7/13       EV: 12    Int: 19    God:
Gold:   207        SH:  0    Dex: 13    Spells: 3/15 levels left

rFire   . . .      SeeInvis .   j - +3 short sword (spect)
rCold   . . .      Faith    .   (no shield)
rNeg    . . .      Spirit   .   a - +0 robe
rPois   .          Reflect  .   (no helmet)
rElec   .          Harm     .   b - +0 cloak
rCorr   .          Rampage  .   m - +1 pair of gloves
Will    .....                   e - +0 pair of boots
Stlth   ++........              (no amulet)
HPRegen 0.15/turn               (no ring)
MPRegen 0.13/turn               (no ring)

@: no status effects
A: hooves 1, powered by death 2
a: no special abilities


You were on level 5 of the Dungeon.
You visited 1 branch of the dungeon, and saw 5 of its levels.

You collected 207 gold pieces.

Inventory:

Hand Weapons
 c - a +0 hand axe
 j - a +3 spectral short sword (weapon)
 q - the +5 demon whip "Spellbinder" {antimagic, Will+}
   (You found it on level 4 of the Dungeon)

   It reduces the magical energy of the wielder, and disrupts the spells and
   magical abilities of those it strikes.
   Natural abilities and divine invocations are not affected.
   It unleashes wild and unpredictable magical effects upon striking a wizard or
   a creature with magical abilities.
   Will:      It increases your willpower.
Missiles
 r - 6 poisoned darts
Armour
 a - a +0 robe (worn)
 b - a +0 cloak (worn)
 d - a +0 pair of gloves
 e - a +0 pair of boots (worn)
 m - a +1 pair of gloves (worn)
Magical Staves
 l - a staff of air
Scrolls
 g - 4 scrolls of identify
 o - a scroll of amnesia {unknown}
 v - a scroll of teleportation {unknown}
 w - a scroll of blinking {unknown}
Potions
 f - a potion of invisibility
 h - a potion of haste
 i - 3 potions of curing {unknown}
 k - a potion of cancellation {unknown}
 n - 2 potions of heal wounds
 p - a potion of lignification {unknown}
 s - a potion of mutation {unknown}
 t - a potion of flight {unknown}
 u - 2 potions of brilliance {unknown}
 x - a potion of magic {unknown}


   Skills:
 - Level 1.7 Dodging
 - Level 1.7 Stealth
 + Level 4.5 Spellcasting
 * Level 2.3 Conjurations
 + Level 6.7 Fire Magic
 * Level 0.5 Poison Magic


You had 3 spell levels left.
You knew the following spells:

 Your Spells              Type           Power      Damage    Failure   Level
a - Foxfire               Conj/Fire      84%        2x1d8     1%          1
b - Scorch                Fire           60%        2d8       1%          2
c - Conjure Flame         Conj/Fire      21%        6-21      6%          3
d - Flame Wave            Conj/Fire      21%        2d7       21%         4
e - Poisonous Vapours     Pois/Air       10%        N/A       17%         2

Your spell library contained the following spells:

 Spells                   Type           Power      Damage    Failure   Level
 Magic Dart               Conj           52%        1d5       4%          1
 Inner Flame              Hex/Fire       17%        N/A       10%         3
 Apportation              Tloc           8%         N/A       13%         1
 Call Imp                 Summ           4%         N/A       21%         2
 Corpse Rot               Necr/Air       8%         N/A       21%         2
 Mephitic Cloud           Conj/Pois/Air  8%         N/A       26%         3
 Gell's Gravitas          Tloc           4%         N/A       36%         3
 Lesser Beckoning         Tloc           4%         N/A       36%         3
 Ozocubu's Armour         Ice            4%         N/A       36%         3
 Teleport Other           Tloc           4%         N/A       36%         3
 Alistair's Intoxication  Tmut/Pois      3%         N/A       97%         5
 Ozocubu's Refrigeration  Ice            2%         4d5       100%        7


Dungeon Overview and Level Annotations

Branches:
Dungeon (5/15)
 Temple: D:4-7

Altars:
Nemelex Xobeh
Qazlal
Wu Jian

Shops:
D:3 :


Innate Abilities, Weirdness & Mutations

You have large cloven feet.
You regenerate health from kills.


Message History

You conjure some foxfire!
The jackal barely misses you. The scorpion zombie barely misses you.
You hit the scorpion zombie.
The scorpion zombie is heavily damaged.
Your +3 spectral short sword hits the scorpion zombie.
The jackal is no longer more vulnerable to fire.
The foxfire hits the scorpion zombie!
The scorpion zombie is burned terribly!
The scorpion zombie is severely damaged.
The foxfire hits the jackal.
You kill the jackal!
The scorpion zombie closely misses you.
You hit the scorpion zombie.
The scorpion zombie is severely damaged.
Your +3 spectral short sword hits the scorpion zombie.
The scorpion zombie hits you but does no damage.
You puncture the scorpion zombie!
You destroy the scorpion zombie!
Found a stone staircase leading down.
Things that are here:
a jackal corpse; a jackal corpse
x - a glowing grey potion
There is a stone staircase leading up here.
An ogre comes into view. It is wielding a +0 giant club.
The ogre shouts!
Flames lash the ogre.
The ogre is lightly wounded.
The ogre's fire resistance burns away.
Flames lash the ogre.
The ogre is burned terribly!
The ogre is heavily wounded.
The ogre hits you with a +0 giant club!!
Ouch! That really hurt!
You are too injured to fight recklessly!
You are too injured to fight recklessly!
Casting: Scorch (safe; 1% risk of failure)
Press: ? - help, Q - select action, (/) - cycle Dir - look around, f - activate Flames lash the ogre.
The ogre is burned terribly!
The ogre is almost dead.
The ogre hits you with a +0 giant club!!
Ouch! That really hurt!
You die...

##### ##. ##...#....
#.@.......
##########..O..##..
##...##..#..##..#
#.....#......##.#
######......###..##...
.....####..## #.......#
.....#.##.#####.........
...#....................
...##.#.................


You could see an ogre (combustible).

Vanquished Creatures
  Grinder (D:4)
  A black bear (D:4)
  An ogre (D:4)
  A centaur (D:3)
  An iguana (D:4)
  4 orc priests
  A bullfrog skeleton (D:3)
  Crazy Yiuf (D:4)
  A scorpion zombie (D:5)
  A howler monkey zombie (D:5)
  4 adders
  An ufetubus (D:5)
  2 worms
  2 dart slugs
  14 orcs
  3 ball pythons
  3 bats
  4 endoplasms
  2 giant cockroaches
  6 goblins
  2 hobgoblins (D:3)
  4 jackals (D:5)
  7 kobolds
  A quokka (D:4)
  3 frilled lizards
  3 rats
74 creatures vanquished.

Vanquished Creatures (others)
  30 foxfires
30 creatures vanquished.

Grand Total: 104 creatures vanquished

Notes
Turn   | Place    | Note
-------+----------+-------------------------------------------
     0 | D:1      | nickcage the Demonspawn Fire Elementalist began the quest
                  | for the Orb.
     0 | D:1      | Reached XP level 1. HP: 13/13 MP: 3/3
   483 | D:1      | Reached skill level 3 in Fire Magic
   591 | D:1      | Found a faded altar of an unknown god.
   654 | D:1      | Gained mutation: You regenerate a little health from kills.
                  | [demonic ancestry]
   654 | D:1      | Reached XP level 2. HP: 19/19 MP: 1/5
   657 | D:1      | Learned a level 2 spell: Scorch
  1349 | D:2      | Reached XP level 3. HP: 24/24 MP: 1/6
  2149 | D:3      | Reached skill level 4 in Fire Magic
  2233 | D:3      | Noticed a centaur
  2252 | D:3      | Killed a centaur
  2253 | D:3      | Reached XP level 4. HP: 12/30 MP: 0/7
  2668 | D:3      | Learned a level 3 spell: Conjure Flame
  2719 | D:3      | Reached skill level 5 in Fire Magic
  2719 | D:3      | Gained mutation: You regenerate health from kills. [demonic
                  | ancestry]
  2719 | D:3      | Reached XP level 5. HP: 35/35 MP: 3/8
  2794 | D:3      | Found Jief's Book Shop.
  3206 | D:4      | Noticed an ogre
  3544 | D:4      | Noticed a black bear
  3582 | D:4      | Killed a black bear
  3583 | D:4      | Gained mutation: You have large cloven feet. [demonic
                  | ancestry]
  3583 | D:4      | Reached XP level 6. HP: 4/41 MP: 1/9
  3931 | D:4      | Found a runed translucent door.
  3932 | D:4      | Noticed Crazy Yiuf
  3934 | D:4      | Found the +5 demon whip "Spellbinder" {antimagic, Will+}
  3938 | D:4      | Killed Crazy Yiuf
  4110 | D:4      | Reached skill level 6 in Fire Magic
  4262 | D:4      | Found a sparkling altar of Nemelex Xobeh.
  4269 | D:4      | Found a stormy altar of Qazlal.
  4271 | D:4      | Found an ornate altar of the Wu Jian Council.
  4889 | D:4      | Noticed Grinder
  4892 | D:4      | Killed Grinder
  4893 | D:4      | Reached XP level 7. HP: 46/46 MP: 4/13
  5329 | D:4      | Learned a level 4 spell: Flame Wave
  5332 | D:4      | Learned a level 2 spell: Poisonous Vapours
  5386 | D:5      | Entered Level 5 of the Dungeon
  5887 | D:5      | Mangled by an ogre

Illustrated notes

Levels and vault maps discovered:
D:1:      saegor_arrival_simple_c, layout_basic,
          hellmonk_ecumenical_altar_zigzags
D:2:      layout_loops_ring
D:3:      layout_loops_ring, serial_rivers, chequers_serial_rivers_room_a,
          chequers_serial_rivers_room_b, chequers_serial_rivers_small_a,
          chequers_serial_rivers_room_b, chequers_serial_rivers_small_a,
          serial_shops, nicolae_shop_temple_entry_statues_fountains
D:4:      layout_loops_corners, minitemple, uniq_crazy_yiuf_cottage,
          uniq_grinder
D:5:      layout_cave_pools, minmay_temple_entry_mist, serial_rivers,
          chequers_serial_rivers_micro_d, chequers_serial_rivers_small_a,
          chequers_serial_rivers_micro_b, chequers_serial_rivers_room_a,
          chequers_serial_rivers_micro_b

Skill      XL: |  1  2  3  4  5  6 |
---------------+-------------------+-----
Fire Magic     | 3 4 5 6 |  6.7
Conjurations   | 2 |  2.3
Spellcasting   | 4 |  4.5
Dodging        | |  1.7
Stealth        | |  1.7
Poison Magic   | |  0.5

Action                   |  1- 3 |  4- 6 |  7- 9 || total
-------------------------+-------+-------+-------++-------
Melee: Hand axe          |     3 |       |       ||     3
       Unarmed           |     3 |       |       ||     3
       Short sword       |     5 |     6 |     3 ||    14
Throw: Dart              |       |     3 |       ||     3
 Cast: Foxfire           |    12 |     4 |     1 ||    17
       Scorch            |    23 |    45 |    34 ||   102
       Conjure Flame     |       |     2 |       ||     2
  Use: Scroll            |     7 |       |       ||     7
Armor: Robe              |     4 |     8 |     5 ||    17
Dodge: Dodged            |    10 |    14 |    15 ||    39
